Map: Moonlight Madness LE (Void)

Players

Krondor

  • Race: Terran Terran
  • League: Gold

Kashim - Winner!

  • Race: Zerg Zerg
  • League: Gold

VOD

Have the link to the VOD?

Description

ZvT Bane Bust

Time

  • Played on: Sept. 28, 2015, 5:45 p.m.
  • Length: 7:49
Show
View Real Time Build Order
Export as new Build Order

Krondor Terran 

Build Orders: Command Center First (CC) 

Get SALT Encoding   

  12  0:01  SCV  
  13  0:13  SCV  
  14  0:17  Supply Depot  
  14  0:25  SCV  
  15  0:39  SCV  
  16  0:57  Command Center  
  16  1:00  SCV  
  17  1:11  Barracks  
  17  1:15  SCV  
  18  1:27  SCV  
  18  1:28  Refinery  
  18  1:29  Refinery  
  19  1:41  SCV  
  19  1:44  Supply Depot  
  20  1:54  SCV  
  21  2:08  Orbital Command  
  20  2:14  Marine  
  21  2:22  Factory  
  21  2:28  SCV  
  22  2:37  SCV  
  22  2:39  Barracks Reactor  
  22  2:40  SCV  
  24  2:50  SCV  
  25  2:53  Orbital Command  
  25  3:02  SCV  
  26  3:12  Starport  
  26  3:18  Supply Depot  
  26  3:19  SCV  
  27  3:20  SCV  
  27  3:25  Hellion  
  27  3:26  Hellion  
  32  3:31  SCV  
  32  3:32  SCV, Barracks Tech Lab  
  34  3:43  SCV  
  34  3:44  SCV  
  34  3:47  Hellion x2  
  40  3:50  Viking  
  42  3:56  SCV  
  42  3:58  SCV  
  42  4:00  Supply Depot  
  44  4:09  SCV, Factory  
  45  4:12  Factory, Widow Mine  
  45  4:16  SCV  
  50  4:21  SCV  
  43  4:24  Widow Mine  
  43  4:28  SCV  
  34  4:51  Supply Depot  
  23  5:02  Banshee  
  24  5:09  Supply Depot  
  21  5:15  Widow Mine  
  23  5:31  SCV  
  23  5:32  SCV  
  17  5:37  Widow Mine  
  16  5:43  SCV  
  16  5:44  SCV  
  18  5:56  SCV x2  
  20  6:01  Factory Tech Lab  
  19  6:08  SCV x2  
  20  6:12  Factory Reactor  
  17  6:20  SCV x2  
  18  6:32  SCV x2  
  20  6:44  SCV x2  
  22  6:56  SCV x2  
  24  7:08  SCV x2  
  24  7:11  Hellion x2  
  30  7:20  SCV x2  
  35  7:32  SCV  
  35  7:33  SCV  
Show
View Real Time Build Order
Export as new Build Order

Kashim Zerg - Winner!

Build Orders: Pool First, Zergling Baneling 

Get SALT Encoding   

  12  0:02  Drone  
  13  0:13  Overlord  
  13  0:19  Drone  
  14  0:31  Drone  
  14  0:32  Drone  
  16  0:41  Spawning Pool  
  15  0:46  Drone  
  15  0:48  Drone  
  17  1:10  Hatchery  
  16  1:12  Extractor  
  16  1:14  Drone  
  16  1:17  Drone  
  17  1:27  Queen  
  19  1:34  Zergling x2  
  19  1:38  Overlord  
  20  1:44  Drone  
  21  1:50  Drone  
  22  2:02  Drone  
  22  2:03  Queen  
  25  2:12  Metabolic Boost  
  25  2:13  Drone  
  26  2:23  Queen  
  26  2:27  Drone x2  
  30  2:38  Drone x3  
  30  2:41  Overlord  
  33  2:55  Drone x3  
  33  2:56  Baneling Nest  
  35  2:59  Zergling x2  
  35  3:01  Zergling x2  
  37  3:13  Zergling x4  
  37  3:14  Zergling x6  
  37  3:18  Overlord  
  42  3:30  Zergling x2  
  42  3:31  Roach Warren, Zergling x2  
  43  3:37  Zergling x6  
  43  3:38  Zergling x2  
  43  3:39  Zergling x2  
  48  3:50  Baneling x8  
  48  3:52  Zergling x4  
  48  3:54  Zergling x2  
  51  3:55  Zergling x2  
  51  4:00  Overlord  
  52  4:14  Extractor  
  44  4:39  Lair  
  44  4:40  Drone x2  
  44  4:41  Drone  
  44  4:43  Extractor  
  44  4:55  Drone  
  44  4:56  Drone x6  
  44  4:57  Drone  
  51  5:12  Drone  
  51  5:14  Overlord x2  
  48  5:54  Spore Crawler, Spire  
  48  5:56  Spore Crawler x2, Extractor  
  42  6:03  Drone  
  42  6:04  Drone x18  
  58  6:25  Spire  
  57  6:43  Spore Crawler  
  56  6:47  Overseer  
  56  6:49  Evolution Chamber  
  56  6:51  Evolution Chamber  
  56  6:52  Hatchery  
  53  6:58  Overseer  
  53  7:03  Drone x2  
  53  7:07  Mutalisk x2  
  53  7:08  Mutalisk x4  
  60  7:12  Overlord x2  
  60  7:13  Overlord x3  
  67  7:17  Overlord  
  67  7:35  Hatchery  
Tags
 
Add a new tag
Caveats
  • Supply blocks, unpowered buildings, or Contaminate may cause inaccurate times.
  • Supply counts are checked every 10 seconds.